 Dungeon Crawl Stone Soup version 0.25.1-2-g60ff931df9 (webtiles) character file.

Game seed: 12368978533470861539

13831 DogServant the Destroyer (level 11, -1/66 HPs)
             Began as a Deep Elf Fire Elementalist on Oct 22, 2020.
             Was a Priest of Vehumet.
             Shot with an arrow by Nessos (19 damage)
             ... on level 12 of the Dungeon.
             The game lasted 00:38:25 (18112 turns).

DogServant the Destroyer (DEFE)                    Turns: 18112, Time: 00:38:26

Health: -1/66      AC:  7    Str:  5    XL:     11   Next: 80%
Magic:  32/32      EV: 16    Int: 24    God:    Vehumet [***...]
Gold:   385        SH:  5    Dex: 15    Spells: 5/24 levels left

rFire    + . .     SeeInvis .   P - staff of cold
rCold    . . .     Gourm    .   (no shield)
rNeg     . . .     Faith    .   o - +2 robe {MR+}
rPois    .         Spirit   .   i - +2 hat
rElec    .         Reflect  +   (no cloak)
rCorr    .         Harm     .   (no gloves)
MR       ++...                  c - +0 pair of boots
Stlth    ++........             D - amulet of reflection
HPRegen  0.21/turn              t - ring of fire
MPRegen  0.23/turn              r - ring of magical power

@: lethally poisoned (-1 -> -17), about to teleport
A: hooves 1
a: Renounce Religion


You were on level 12 of the Dungeon.
You worshipped Vehumet.
Vehumet was most pleased with you.
You were not hungry.

You visited 3 branches of the dungeon, and saw 14 of its levels.

You collected 745 gold pieces.
You spent 360 gold pieces at shops.

Inventory:

Hand Weapons
 d - a +0 falchion
Armour
 a - a +1 robe
 c - a +0 pair of boots (worn)
 i - a +2 hat (worn)
 o - a +2 robe of magic resistance (worn)
 C - a +0 buckler
 N - a +2 leather armour of positive energy
 O - a +0 helmet
Magical Staves
 P - an uncursed staff of cold (weapon)
Jewellery
 p - an uncursed amulet of the acrobat
 r - a ring of magical power (right hand)
 t - a ring of fire (left hand)
 v - an uncursed ring of protection from magic
 y - an uncursed ring of flight
 A - a cursed +4 ring of evasion {unknown}
 D - an amulet of reflection (around neck)
 H - an uncursed amulet of magic regeneration {unknown}
Wands
 l - a wand of random effects (39)
 K - a wand of flame (38)
 M - a wand of acid (3)
Scrolls
 b - a scroll of enchant weapon {unknown}
 g - a scroll of immolation
 h - 3 scrolls of teleportation
 j - 9 scrolls of remove curse
 n - a scroll of enchant armour
 s - 2 scrolls of fear
 B - a scroll of amnesia
 F - 3 scrolls of magic mapping {unknown}
 I - 7 scrolls of identify
 R - a scroll of vulnerability {unknown}
Potions
 e - 3 potions of cancellation
 f - 2 potions of stabbing
 k - a potion of heal wounds
 m - 2 potions of lignification
 q - 3 potions of flight {unknown}
 u - 2 potions of degeneration {unknown}
 w - a potion of haste
 x - 2 potions of brilliance {unknown}
 z - 2 potions of magic {unknown}
 E - 2 potions of curing
 J - 2 potions of berserk rage {unknown}
 L - 2 potions of might
 Q - a potion of invisibility {unknown}
Comestibles
 G - 9 rations


   Skills:
 + Level 6.8 Fighting
 - Level 6.0 Dodging
 - Level 2.4 Stealth
 - Level 4.0 Shields
 - Level 7.0 Spellcasting
 - Level 10.7 Conjurations
 - Level 9.3 Fire Magic
 - Level 9.5 Ice Magic


You had 5 spell levels left.
You knew the following spells:

 Your Spells              Type           Power        Failure   Level  Hunger
a - Foxfire               Conj/Fire      ####         1%          1    None
b - Conjure Flame         Conj/Fire      ######..     1%          3    None
c - Sticky Flame          Conj/Fire      ######..     1%          4    ###....
d - Fireball              Conj/Fire      ######....   1%          5    #####..
f - Confusing Touch       Hex            #.......     22%         3    None
g - Frozen Ramparts       Ice            ######       1%          3    None

Your spell library contained the following spells:

 Spells                   Type           Power        Failure   Level  Hunger
 Searing Ray              Conj           ######       1%          2    None
 Freeze                   Ice            ####         1%          1    None
 Ensorcelled Hibernation  Hex/Ice        #####.       1%          2    None
 Dazzling Flash           Conj/Hex       ####..       1%          3    None
 Inner Flame              Hex/Fire       #####...     1%          3    None
 Hailstorm                Conj/Ice       ######..     1%          4    ###....
 Ozocubu's Armour         Chrm/Ice       #####...     3%          3    None
 Corona                   Hex            #......      7%          1    None
 Summon Ice Beast         Ice/Summ       #####...     10%         4    ###....
 Tukima's Dance           Hex            #.......     22%         3    None


Dungeon Overview and Level Annotations

Branches:
Dungeon (12/15)            Temple (1/1) D:7            Lair (0/6) D:8
    Orc (1/2) D:9

Altars:
Ashenzari
Cheibriados
Dithmenos
Elyvilon
Fedhas
Gozag
Kikubaaqudgha
Makhleb
Nemelex Xobeh
Okawaru
Qazlal
Ru
Sif Muna
Trog
Uskayaw
Vehumet
Wu Jian
Xom
Yredelemnul
Zin
The Shining One

Shops:
D:8 =

Annotations:
D:3 1 runed translucent door, Crazy Yiuf
D:8 exclusion: fire dragon
D:12 Nessos


Innate Abilities, Weirdness & Mutations

You have large cloven feet.


Message History

As you read the scroll of fear, it crumbles to dust.
You assume a fearsome visage.
Nessos looks frightened!
You feel very sick.
Nessos blinks! x2
Okay, then.
You feel sick.
Nessos blinks!
You feel very sick.
Nessos blinks! x2
You feel sick.
Nessos blinks!
You feel very sick.
Nessos blinks! x2
You feel sick.
You feel sick.
All of the chunks of flesh in your inventory have rotted away.
* * * LOW HITPOINT WARNING * * *
You feel sick.
As you read the scroll of teleportation, it crumbles to dust.
You feel strangely unstable.
You feel sick.
Nessos shoots an arrow.
The arrow hits you!!
You die...

#...........#.#
#..#..##.#.##.#
#..#..##.#.# #
#..#(.##.#.##.#
#.............#
..##.....##.#.# .#
......(.......#..#
..##.....##.#.#..#
..........@......#
..##...#.##.#c#..#
>........##.#.#..#
.........##.#.#..#
#.##.........c#..##
.................!#
.....#..##.....###
........####.....#
......... ......#


You could see Nessos.

Vanquished Creatures
  4 two-headed ogres
  A cyclops (D:11)
  A manticore (D:11)
  2 ugly things (D:11)
  Maurice (D:11)
  A hornet (D:9)
  Grinder (D:3)
  4 hippogriffs
  A wraith (D:11)
  3 hogs (D:9)
  5 yaks
  A human (D:9)
  Menkaure (D:4)
  3 hungry ghosts
  2 fire elementals (D:12)
  5 hell hounds (D:12)
  10 orc warriors
  2 ice beasts
  2 black bears (D:5)
  3 phantoms
  2 ogres
  4 sky beasts
  4 centaurs
  Blork the orc (D:6)
  8 bullfrogs
  A wyvern zombie (D:7)
  3 scorpions
  4 wights (D:11)
  3 howler monkeys
  5 crimson imps
  4 centaur zombies
  A bullfrog zombie (D:5)
  A quasit (D:11)
  7 hounds
  10 orc priests
  15 orc wizards
  A centaur skeleton (D:8)
  2 bullfrog skeletons
  2 iguanas
  6 worker ants
  A hound zombie (D:7)
  A worker ant zombie (D:6)
  Robin (D:3)
  9 gnolls
  16 adders
  2 shadow imps (D:6)
  An ooze (D:4)
  3 adder skeletons
  2 worms
  2 dart slugs
  4 leopard geckos
  47 orcs
  8 bats
  11 giant cockroaches
  10 goblins
  13 hobgoblins
  13 jackals
  2 quokkas (D:8)
  2 ball pythons
  4 frilled lizards
  7 kobolds
  A quokka zombie (D:5)
  7 rats
304 creatures vanquished.

Vanquished Creatures (others)
  670 foxfires
670 creatures vanquished.

Grand Total: 974 creatures vanquished

Notes
Turn   | Place    | Note
-------+----------+-------------------------------------------
     0 | D:1      | DogServant the Deep Elf Fire Elementalist began the quest
                  | for the Orb.
     0 | D:1      | Reached XP level 1. HP: 10/10 MP: 6/6
   220 | D:1      | Reached XP level 2. HP: 15/15 MP: 2/8
   679 | D:1      | Reached skill level 2 in Conjurations
  1070 | D:2      | Reached XP level 3. HP: 9/19 MP: 5/10
  1564 | D:2      | Noticed a scorpion
  1987 | D:3      | Noticed a scorpion
  2132 | D:3      | Reached XP level 4. HP: 17/24 MP: 9/12
  2133 | D:3      | Noticed Grinder
  2142 | D:3      | Learned a level 3 spell: Conjure Flame
  2152 | D:3      | Killed Grinder
  2152 | D:3      | Reached skill level 5 in Spellcasting
  2152 | D:3      | Reached skill level 3 in Conjurations
  2152 | D:3      | Reached skill level 5 in Fire Magic
  2152 | D:3      | Reached XP level 5. HP: 20/28 MP: 3/14
  2181 | D:3      | Reached XP level 6. HP: 26/32 MP: 5/16
  2356 | D:3      | Reached skill level 4 in Conjurations
  2688 | D:3      | Noticed Robin
  2705 | D:3      | Killed Robin
  2891 | D:3      | Found a shadowy altar of Dithmenos.
  2891 | D:3      | Found an iron altar of Okawaru.
  2974 | D:3      | Found a runed translucent door.
  2975 | D:3      | Noticed Crazy Yiuf
  3344 | D:3      | Learned a level 4 spell: Sticky Flame
  3350 | D:3      | Learned a level 5 spell: Fireball
  3876 | D:4      | Reached skill level 1 in Fighting
  3876 | D:4      | Reached XP level 7. HP: 38/38 MP: 15/18
  4020 | D:4      | Noticed Menkaure
  4026 | D:4      | Killed Menkaure
  4026 | D:4      | Reached skill level 5 in Conjurations
  4689 | D:5      | Entered Level 5 of the Dungeon
  4730 | D:5      | Identified the cursed +1 troll leather armour of Winter
                  | {MR+ Regen+}
  5506 | D:5      | Reached XP level 8. HP: 45/45 MP: 14/19
  5637 | D:5      | Reached skill level 6 in Conjurations
  6806 | D:6      | Found a bloodstained altar of Trog.
  6864 | D:5      | HP: 2/47 [black bear (5)]
  7158 | D:5      | Reached skill level 7 in Conjurations
  7684 | D:6      | Reached XP level 9. HP: 47/52 MP: 14/20
  8144 | D:6      | Learned a level 2 spell: Ensorcelled Hibernation
  8313 | D:6      | Learned a level 3 spell: Confusing Touch
  8591 | D:7      | Found a staircase to the Ecumenical Temple.
  8600 | Temple   | Entered the Ecumenical Temple
  8606 | Temple   | Became a worshipper of Vehumet
  8839 | D:7      | Reached skill level 5 in Fighting
  8839 | D:7      | Reached skill level 5 in Dodging
  9842 | D:7      | Reached skill level 1 in Ice Magic
 10439 | D:8      | Learned a level 3 spell: Frozen Ramparts
 10731 | D:6      | Noticed Blork the orc
 10742 | D:6      | Killed Blork the orc
 11515 | D:8      | Found Dytos's Jewellery Boutique.
 11530 | D:8      | Bought an uncursed amulet of reflection for 360 gold pieces
 11726 | D:8      | Noticed a two-headed ogre
 11850 | D:8      | Killed a two-headed ogre
 11850 | D:8      | Reached skill level 8 in Conjurations
 11850 | D:8      | Reached XP level 10. HP: 59/59 MP: 15/22
 12015 | D:8      | Reached skill level 5 in Ice Magic
 12491 | D:8      | Noticed a fire dragon
 12491 | D:8      | Found a staircase to the Lair.
 12515 | D:8      | Found a stormy altar of Qazlal.
 12525 | D:8      | Reached * piety under Vehumet
 12525 | D:8      | Offered knowledge of Shock by Vehumet.
 12705 | D:8      | Reached skill level 9 in Conjurations
 12707 | D:8      | Gained mutation: Your spells are a little easier to cast,
                  | but a little less powerful. [potion of mutation]
 12707 | D:8      | Gained mutation: You have large cloven feet. [potion of
                  | mutation]
 12707 | D:8      | Gained mutation: You are partially covered in molten
                  | scales. (AC +2) [potion of mutation]
 12708 | D:8      | Lost mutation: Your spells are a little easier to cast, but
                  | a little less powerful. [potion of mutation]
 12708 | D:8      | Lost mutation: You are partially covered in molten scales.
                  | (AC +2) [potion of mutation]
 12708 | D:8      | Gained mutation: Your flesh is heat resistant. (rF+)
                  | [potion of mutation]
 12708 | D:8      | Gained mutation: You tend to lose your temper in combat.
                  | [potion of mutation]
 12708 | D:8      | Gained mutation: Your magical capacity is low. (-10% MP)
                  | [potion of mutation]
 12708 | D:8      | Gained mutation: You are partially covered in slimy green
                  | scales. (AC +2) [potion of mutation]
 12858 | D:8      | You fall into a shaft and drop 2 floors!
 12858 | D:10     | Entered Level 10 of the Dungeon
 12858 | D:10     | Noticed a two-headed ogre
 12864 | D:10     | Killed a two-headed ogre
 13296 | D:9      | Reached skill level 10 in Conjurations
 13586 | D:9      | Noticed a two-headed ogre
 13591 | D:9      | Killed a two-headed ogre
 13744 | D:9      | Reached ** piety under Vehumet
 13748 | D:9      | Reached XP level 11. HP: 45/64 MP: 5/21
 13753 | D:9      | Offered knowledge of Magic Dart by Vehumet.
 14332 | D:9      | Found a staircase to the Orcish Mines.
 14391 | D:9      | Found a hide-covered altar of Uskayaw.
 14446 | D:9      | Noticed a two-headed ogre
 14452 | D:9      | Killed a two-headed ogre
 14452 | D:9      | Reached skill level 1 in Shields
 15711 | D:11     | Noticed a red ugly thing
 15846 | D:11     | Noticed Maurice
 15862 | D:11     | Killed Maurice
 15865 | D:11     | Killed a red ugly thing
 16366 | Orc:1    | Entered Level 1 of the Orcish Mines
 16382 | Orc:1    | Offered knowledge of Searing Ray by Vehumet.
 16387 | Orc:1    | Noticed an orc sorcerer
 17061 | D:11     | Noticed a brown ugly thing
 17194 | D:11     | Lost mutation: You have large cloven feet. [potion of
                  | mutation]
 17194 | D:11     | Lost mutation: Your flesh is heat resistant. (rF+) [potion
                  | of mutation]
 17194 | D:11     | Lost mutation: You tend to lose your temper in combat.
                  | [potion of mutation]
 17194 | D:11     | Lost mutation: Your magical capacity is low. (-10% MP)
                  | [potion of mutation]
 17194 | D:11     | Gained mutation: You have a somewhat thin skeletal
                  | structure. (Dex +2, Stealth) [potion of mutation]
 17194 | D:11     | Gained mutation: You have sharp toenails. [potion of
                  | mutation]
 17194 | D:11     | Gained mutation: You have very sharp teeth. [potion of
                  | mutation]
 17195 | D:11     | Lost mutation: You have a somewhat thin skeletal structure.
                  | (Dex +2, Stealth) [potion of mutation]
 17195 | D:11     | Lost mutation: You have sharp toenails. [potion of
                  | mutation]
 17195 | D:11     | Lost mutation: You are partially covered in slimy green
                  | scales. (AC +2) [potion of mutation]
 17195 | D:11     | Lost mutation: You have very sharp teeth. [potion of
                  | mutation]
 17195 | D:11     | Gained mutation: You have large cloven feet. [potion of
                  | mutation]
 17260 | D:11     | Killed a brown ugly thing
 17869 | D:12     | Reached *** piety under Vehumet
 18103 | D:12     | Noticed Nessos
 18112 | D:12     | Shot with an arrow by Nessos

Illustrated notes

Levels and vault maps discovered:
D:1:      dpeg_arrival_snail, layout_basic, minmay_misc_feat_rows
D:2:      layout_basic, lemuel_crystal_altar, first_ration,
          wander_ebering_terrifying_dragon_lair
D:3:      minmay_spotlight, layout_rooms,
          chequers_temple_overflow_statue_of_worship, lightli_corner_chamber,
          uniq_grinder, uniq_robin, uniq_crazy_yiuf_cottage
D:4:      layout_basic, uniq_menkaure
D:5:      layout_basic
D:6:      layout_basic, trog_ov_bears_minmay, gup_sewer_entry_pipe,
          uniq_blork_the_orc
D:7:      minmay_general_purpose_star, layout_basic, minmay_temple_entry_arrows
D:8:      layout_basic, lemuel_doored_altar, minmay_lair_entry_lava,
          serial_shops, shop, minmay_circle_x
D:9:      layout_basic, marbit_many_paths, david_orc_4, grunt_livestock
D:10:     layout_rooms
D:11:     layout_long_grid, st_stairs_8, uniq_maurice
D:12:     layout_basic, nicolae_trove_entry_crossroad,
          kennysheep_decorative_pillar, uniq_azrael, uniq_nessos
Temple:   nicolae_temple_x_marks_the_god
Orc:1:    layout_caves, portal_ice_cave_entry_animals_and_master,
          ebering_ghost_gozag, basic_altar

Skill      XL: |  1  2  3  4  5  6  7  8  9 10 11 |
---------------+----------------------------------+-----
Conjurations   | 2 3 4 5 7 8 10 | 10.7
Spellcasting   | 4 5 6 7 |  7.0
Fire Magic     | 4 5 6 8 9 |  9.3
Fighting       | 1 2 4 5 6 |  6.8
Dodging        | 4 6 |  6.0
Ice Magic      | 4 8 9 |  9.5
Shields        | 4 |  4.0
Stealth        | |  2.4

Action                   |  1- 3 |  4- 6 |  7- 9 | 10-12 || total
-------------------------+-------+-------+-------+-------++-------
Melee: Unarmed           |     1 |       |       |       ||     1
       Falchion          |       |     5 |   206 |    27 ||   238
       Dagger            |       |       |   317 |       ||   317
       Kick              |       |       |       |     9 ||     9
       Staff             |       |       |       |    13 ||    13
 Cast: Foxfire           |    87 |    90 |   159 |    88 ||   424
       Conjure Flame     |       |     1 |    15 |     1 ||    17
       Sticky Flame      |       |       |    49 |    51 ||   100
       Fireball          |       |       |    15 |    54 ||    69
       Confusing Touch   |       |       |     4 |       ||     4
       Ensorcelled Hiber |       |       |     4 |       ||     4
       Frozen Ramparts   |       |       |     2 |     6 ||     8
  Use: Scroll            |       |       |    14 |     6 ||    20
       Potion            |       |       |     5 |     4 ||     9
 Stab: Confused          |       |       |     3 |       ||     3
       Sleeping          |       |       |     1 |     1 ||     2
  Eat: Chunk             |     3 |     5 |     9 |    17 ||    34
       Ration            |       |       |     8 |     6 ||    14
Armor: Robe              |     9 |     6 |   196 |    30 ||   241
       Skin              |       |       |    43 |       ||    43
Dodge: Dodged            |    26 |    15 |   455 |    80 ||   576
Block: Other             |       |       |       |    23 ||    23
       Reflection        |       |       |       |     3 ||     3
       Rpst.: Falchion   |       |     1 |    85 |    13 ||    99
